 Dungeon Crawl Stone Soup version 0.26-a0-439-g855e26d (webtiles) character file.

Game seed: 12767087281501014664

313 silenth the Chiller (level 6, -8/32 HPs)
             Began as a Deep Elf Ice Elementalist on July 26, 2020.
             Killed by divine providence
             ... invoked by an orc priest
              (14 damage)
             ... on level 4 of the Dungeon.
             The game lasted 00:03:54 (4392 turns).

silenth the Chiller (Deep Elf Ice Elementalist)     Turns: 4392, Time: 00:03:54

Health: -8/32      AC:  3    Str:  5    XL:     6   Next: 19%
Magic:  5/15       EV: 13    Int: 22    God:
Gold:   110        SH:  0    Dex: 15    Spells: 3/15 levels left

rFire    . . .     SeeInvis .   d - +0 dagger
rCold    . . .     Faith    .   (no shield)
rNeg     . . .     Spirit   .   a - +0 robe
rPois    .         Reflect  .   (no helmet)
rElec    .         Harm     .   (no cloak)
rCorr    .                      (no gloves)
MR       .....                  i - +0 pair of boots
Stlth    ++........             (no amulet)
HPRegen  0.10/turn              (no ring)
MPRegen  0.14/turn              (no ring)

@: flying
A: no striking features
a: no special abilities


You were on level 4 of the Dungeon.
You visited 1 branch of the dungeon, and saw 4 of its levels.

You collected 110 gold pieces.

Inventory:

Hand Weapons
 d - a +0 dagger (weapon)
Armour
 a - a +0 robe (worn)
 i - a +0 pair of boots (worn)
 p - a +0 helmet
Scrolls
 h - a scroll of magic mapping {unknown}
 j - 4 scrolls of teleportation
 l - a scroll of amnesia {unknown}
 m - 2 scrolls of identify {unknown}
 o - a scroll of immolation {unknown}
 r - 2 scrolls of remove curse
Potions
 b - 2 potions of might {unknown}
 c - 2 potions of brilliance {unknown}
 e - a potion of flight
 f - a potion of haste {unknown}
 g - a potion of curing
 k - a potion of degeneration {unknown}
 n - a potion of cancellation {unknown}


   Skills:
 - Level 2.4 Dodging
 - Level 2.4 Stealth
 + Level 5.2 Spellcasting
 + Level 1.3 Conjurations
 + Level 1.2 Summonings
 * Level 7.0 Ice Magic


You had 3 spell levels left.
You knew the following spells:

 Your Spells              Type           Power        Failure   Level
a - Freeze                Ice            ####         1%          1
b - Frozen Ramparts       Ice            #####.       1%          3
c - Hailstorm             Conj/Ice       ###.....     19%         4
d - Summon Ice Beast      Ice/Summ       ###.....     19%         4

Your spell library contained the following spells:

 Spells                   Type           Power        Failure   Level
 Ozocubu's Armour         Ice            #####...     1%          3


Dungeon Overview and Level Annotations

Branches:
Dungeon (4/15)
 Temple: D:4-7

Altars:
Elyvilon

Annotations:
D:3 3 runed translucent doors, dickylongcocking's ghost, amateur OpDe; dickylongcocking's ghost, weakling OpDe


Message History

You're too confused to cast spells.
You bump into the rock wall.
Something hits your ice beast but does no damage.
An orc comes into view. It is wielding a +0 hand axe.
The orc wizard hits you but does no damage.
Something hits your ice beast.
It was a potion of flight.
You feel very buoyant.
You fly up into the air.
The orc priest mumbles some strange prayers to Beogh against you.
Beogh smites you!
Ouch! That really hurt!
* * * LOW HITPOINT WARNING * * *
The orc wizard hits you with a +0 dagger.
* * * LOW HITPOINT WARNING * * *
It was a potion of curing.
You feel better. The orc wizard completely misses you.
The orc priest invokes the aid of Beogh against you.
Beogh smites you!
You die...

#.....##.#.######. ####
##.##.##..........
...####.##.# ##..##
....##<..).# #....# #
....##.#######.#.)####.##.#
....##.......#.#...)))....#
...............#Z#####.####
.....#.........#Y# ..
.....##........#@# ..#
................o..# .#
##+############.[o..o. #
....?..... ....#o###.#
#....#.# # #....#..
#######..


You could see 2 orc priests, an orc wizard, an orc, a bullfrog skeleton and a
friendly ice beast (summoned).

Vanquished Creatures
  A howler monkey (D:4)
  A hound (D:4)
  An orc priest (D:3)
  An orc wizard (D:3)
  Robin (D:4)
  3 adders
  2 oozes
  2 worms (D:2)
  4 dart slugs
  3 leopard geckos
  6 orcs
  A giant cockroach (D:3)
  14 goblins
  4 hobgoblins
  7 jackals
  A quokka (D:3)
  7 bats
  5 frilled lizards
  10 kobolds
  8 rats
82 creatures vanquished.

Vanquished Creatures (collateral kills)
  A bullfrog (D:4)
  A leopard gecko (D:4)
2 creatures vanquished.

Vanquished Creatures (others)
  2 withered plants (D:3)
2 creatures vanquished.

Grand Total: 86 creatures vanquished

Notes
Turn   | Place    | Note
-------+----------+-------------------------------------------
     0 | D:1      | silenth the Deep Elf Ice Elementalist began the quest for
                  | the Orb.
     0 | D:1      | Reached XP level 1. HP: 10/10 MP: 6/6
   112 | D:1      | Reached XP level 2. HP: 15/15 MP: 6/8
   608 | D:1      | Reached skill level 5 in Ice Magic
  1128 | D:2      | Reached XP level 3. HP: 19/19 MP: 8/10
  1133 | D:2      | Learned a level 3 spell: Frozen Ramparts
  2066 | D:2      | Reached skill level 4 in Spellcasting
  2683 | D:2      | Reached XP level 4. HP: 23/24 MP: 9/12
  3033 | D:3      | Learned a level 4 spell: Hailstorm
  3635 | D:3      | Found a white marble altar of Elyvilon.
  3714 | D:3      | Reached skill level 6 in Ice Magic
  3754 | D:3      | Found a runed translucent gate.
  3754 | D:3      | Found a runed translucent gate.
  3754 | D:3      | Found a runed translucent gate.
  3784 | D:3      | Reached XP level 5. HP: 26/28 MP: 8/14
  3936 | D:3      | Learned a level 4 spell: Summon Ice Beast
  4021 | D:3      | Noticed dickylongcocking's ghost (weakling OpDe)
  4022 | D:3      | Noticed dickylongcocking's ghost (amateur OpDe)
  4349 | D:4      | Noticed Robin
  4362 | D:4      | Reached skill level 5 in Spellcasting
  4367 | D:4      | Reached skill level 1 in Conjurations
  4367 | D:4      | Reached skill level 1 in Summonings
  4371 | D:4      | Killed Robin
  4371 | D:4      | Reached XP level 6. HP: 28/32 MP: 10/15
  4389 | D:4      | Reached skill level 7 in Ice Magic
  4391 | D:4      | HP: 3/32 [orc priest/divine providence (17)]
  4391 | D:4      | HP: 1/32 [orc wizard/+0 dagger (2)]
  4392 | D:4      | Killed from afar by an orc priest

Illustrated notes

Levels and vault maps discovered:
D:1:      saegor_arrival_under_anarchy, layout_loops_ring, serial_bayou_ford_a,
          minivault_24, chequers_hall_statues_y
D:2:      layout_basic
D:3:      layout_loops_corners, elyvilon_altar_5, gammafunk_ghost_cemetery
D:4:      layout_basic, uniq_robin

Skill      XL: |  1  2  3  4  5  6 |
---------------+-------------------+-----
Ice Magic      | 5 6 7 |  7.0
Spellcasting   | 4 5 |  5.2
Conjurations   | 1 |  1.3
Summonings     | 1 |  1.2
Dodging        | |  2.4
Stealth        | |  2.4

Action                   |  1- 3 |  4- 6 || total
-------------------------+-------+-------++-------
Melee: Hand axe          |     6 |       ||     6
       Dagger            |    11 |    28 ||    39
 Cast: Freeze            |    51 |    25 ||    76
       Frozen Ramparts   |     3 |     8 ||    11
       Summon Ice Beast  |       |     1 ||     1
  Use: Scroll            |     1 |     2 ||     3
       Potion            |       |     2 ||     2
 Stab: Sleeping          |       |     1 ||     1
Armor: Robe              |     8 |     9 ||    17
Dodge: Dodged            |    29 |    33 ||    62

Table legend: (Time is in decaauts)
 A = Elapsed time spent in this place.
 B = Non-inter-level travel time spent in this place.
 C = Inter-level travel time spent in this place.
 D = Time resting spent in this place.
 E = Time spent auto-exploring this place.
 F = Levels seen in this place.
 G = Mean time per level.
                   A        B        C        D        E       F      G
               +--------+--------+--------+--------+--------+-----+--------+
         Total |   4395 |   4214 |    181 |    916 |   2806 |   4 | 1098.8 |
       Dungeon |   4395 |   4214 |    181 |    916 |   2806 |   4 | 1098.8 |
               +--------+--------+--------+--------+--------+-----+--------+

Top non-repeatable levels by time:
     D:2: 1806 daAuts
     D:3: 1377 daAuts
     D:1: 1119 daAuts
     D:4: 91 daAuts
